 Dungeon Crawl Stone Soup version 0.26.1-11-gd32895ea62 (webtiles) character file.

Game seed: 13656276137576723483

422 kodamatunes15 the Slasher (level 6, -15/52 HPs)
             Began as a Ghoul Gladiator on May 2, 2021.
             Demolished by an ogre
             ... wielding a +0 giant club
              (19 damage)
             ... on level 3 of the Dungeon.
             The game lasted 00:23:14 (2991 turns).

kodamatunes15 the Slasher (Ghoul Gladiator)         Turns: 2991, Time: 00:23:15

Health: -15/52     AC: 15    Str: 18    XL:     6   Next: 95%
Magic:  5/5        EV:  6    Int:  4    God:
Gold:   159        SH:  0    Dex: 11    Spells: 5/5 levels left

rFire    . . .     SeeInvis .   y - +3 scythe (vorpal)
rCold    + . .     Faith    .   (shield currently unavailable)
rNeg     + + +     Spirit   .   i - +1 plate armour
rPois    ∞         Reflect  .   c - +1 helmet
rElec    .         Harm     .   (no cloak)
rCorr    .         Rampage  .   C - +0 pair of gloves
Will     .....                  (no boots)
Stlth    ..........             (no amulet)
HPRegen  0.00/turn              (no ring)
MPRegen  0.09/turn              (no ring)

@: no status effects
A: claws 1, cold resistance 1, negative energy resistance 3, inhibited
regeneration, torment resistance, unbreathing
a: no special abilities


You were on level 3 of the Dungeon.
You visited 1 branch of the dungeon, and saw 4 of its levels.

You collected 159 gold pieces.

Inventory:

Hand Weapons
 a - a +1 long sword
 y - a +3 vorpal scythe (weapon)
Missiles
 d - 3 throwing nets (quivered)
 f - 186 stones
 g - 16 arrows
 o - 14 bolts
 w - 28 sling bullets
Armour
 b - a +0 leather armour
 c - a +1 helmet (worn)
 i - a +1 plate armour (worn)
 k - a cursed +0 robe
 C - a +0 pair of gloves (worn)
Jewellery
 n - a cursed ring of teleportation {unknown}
 r - a cursed -4 ring of protection {unknown}
Wands
 t - a wand of iceblast (6)
 u - a wand of flame (15)
Scrolls
 h - a scroll of amnesia
 p - a scroll of remove curse
 B - a scroll of teleportation
Potions
 e - a potion of magic
 j - a potion of cancellation {unknown}
 l - 2 potions of degeneration {unknown}
 m - 3 potions of lignification {unknown}
 q - a potion of resistance {unknown}
 v - a potion of curing {unknown}
 z - a potion of mutation {unknown}
 A - a potion of flight {unknown}
 D - 2 potions of invisibility {unknown}
 E - a potion of brilliance {unknown}


   Skills:
 + Level 3.8 Fighting
 + Level 5.3 Long Blades
 + Level 0.8 Polearms
 + Level 1.9 Throwing
 + Level 2.0 Armour
 + Level 3.1 Dodging
 + Level 0.3 Stealth


You had 5 spell levels left.
You didn't know any spells.
Your spell library was empty.

Dungeon Overview and Level Annotations

Branches:
Dungeon (4/15)
 Temple: D:4-7

Altars:
Cheibriados
Dithmenos
Elyvilon
Nemelex Xobeh
Qazlal
Trog
Yredelemnul
The Shining One

Annotations:
D:4 1 runed translucent door


Innate Abilities, Weirdness & Mutations

You thrive by killing the living.
You are immune to poison.
You have sharp fingernails.
Your flesh is cold resistant. (rC+)
You are immune to negative energy. (rN+++)
You do not regenerate when monsters are visible.
You are immune to unholy pain and torment.
You can survive without breathing.


Message History

The ogre barely misses you.
An orc comes into view. It is wielding a +2 dagger of venom.
An orc comes into view. It is wielding a +0 whip.
The orc shouts! x2
You hit the ogre.
The ogre is moderately wounded.
The ogre hits you with a +0 giant club. x2
The ogre hits you with a +0 giant club!
You barely miss the ogre.
The ogre is moderately wounded.
The ogre hits you but does no damage. The ogre hits you with a +0 giant club!
* * * LOW HITPOINT WARNING * * *
The ogre hits you but does no damage. The orc hits you but does no damage.
There is a stone staircase leading up here.
The ogre barely misses you. The orc hits you but does no damage.
You climb upwards.
There is a stone staircase leading down here.
The ogre hits you with a +0 giant club!!
You die...

############ #####
#..........# ....##
#..........#
.....###..........#
................@.#
......##........Oo#
......##..........#
......##..........#
......##........>.#
......####.#.######
.....## #.#.#
.....# #.#.# .....#
###.#.#######


You could see an ogre and an orc.

Vanquished Creatures
  Sigmund (D:3)
  2 howler monkeys
  A hound (D:2)
  An orc priest (D:4)
  Ijyb (D:2)
  A worker ant (D:4)
  A hound skeleton (D:4)
  2 leopard geckos
  2 orcs (D:4)
  A ball python (D:1)
  7 giant cockroaches
  11 goblins
  4 hobgoblins
  4 jackals (D:1)
  A quokka (D:3)
  5 bats
  8 frilled lizards
  5 kobolds
  11 rats
69 creatures vanquished.

Notes
Turn   | Place    | Note
-------+----------+-------------------------------------------
     0 | D:1      | kodamatunes15 the Ghoul Gladiator began the quest for the
                  | Orb.
     0 | D:1      | Reached XP level 1. HP: 17/17 MP: 0/0
   152 | D:1      | Reached XP level 2. HP: 23/24 MP: 1/1
   262 | D:1      | Reached skill level 3 in Long Blades
   309 | D:1      | Found a glowing golden altar of the Shining One.
   554 | D:1      | Reached XP level 3. HP: 28/30 MP: 2/2
  1108 | D:2      | Noticed Ijyb
  1139 | D:2      | Killed Ijyb
  1140 | D:2      | Reached skill level 1 in Armour
  1140 | D:2      | Reached XP level 4. HP: 34/37 MP: 3/3
  1262 | D:2      | Found a basalt altar of Yredelemnul.
  1885 | D:2      | Found a white marble altar of Elyvilon.
  2183 | D:3      | Noticed Sigmund
  2187 | D:3      | Reached XP level 5. HP: 44/44 MP: 4/4
  2193 | D:3      | Killed Sigmund
  2194 | D:3      | Reached skill level 4 in Long Blades
  2194 | D:3      | Reached XP level 6. HP: 51/51 MP: 5/5
  2286 | D:3      | Found a stormy altar of Qazlal.
  2551 | D:4      | Found a runed translucent door.
  2566 | D:4      | Found a bloodstained altar of Trog.
  2567 | D:4      | Found a sparkling altar of Nemelex Xobeh.
  2567 | D:4      | Found a snail-covered altar of Cheibriados.
  2571 | D:4      | Found a shadowy altar of Dithmenos.
  2589 | D:3      | Reached skill level 5 in Long Blades
  2991 | D:3      | Demolished by an ogre

Illustrated notes

Levels and vault maps discovered:
D:1:      lightli_iron_boxes, layout_loops_ring, chequers_garden, tso_altar
D:2:      kennysheep_the_goblin_king, layout_basic,
          lemuel_coloured_pillars_altar, nicolae_overflow_hidden_temple
D:3:      layout_rooms, lemuel_doored_altar, uniq_sigmund, uniq_ijyb
D:4:      layout_cave_pools, chequers_temple_overflow_statue_of_worship,
          lemuel_round_altar, ebering_ghost_sewer_f, hangedman_glass_teeth

Skill      XL: |  1  2  3  4  5  6 |
---------------+-------------------+-----
Dodging        | 3 |  3.1
Long Blades    | 3 4 5 |  5.3
Armour         | 1 2 |  2.0
Fighting       | 3 |  3.8
Polearms       | |  0.8
Throwing       | |  1.9
Stealth        | |  0.3

Action                   |  1- 3 |  4- 6 || total
-------------------------+-------+-------++-------
Melee: Long sword        |   138 |    66 ||   204
       Scythe            |       |    52 ||    52
  Use: Scroll            |     4 |     7 ||    11
Armor: Leather armour    |     7 |       ||     7
       Plate armour      |    91 |   160 ||   251
Dodge: Dodged            |    58 |    69 ||   127
       Rpst.: Long sword |    18 |     9 ||    27
